 Dungeon Crawl Stone Soup version 0.30-a0-1124-g6e8f0f562f (webtiles) character file.

Game seed: 7071046008427723729

196 bande the Covered (level 5, 0/33 HPs)
             Began as a Gargoyle Fighter on Apr 24, 2023.
             Slain by a gnoll sergeant
             ... wielding a +8 spear of pain
              (10 damage)
             ... on level 3 of the Dungeon.
             The game lasted 00:05:26 (3042 turns).

bande the Covered (Gargoyle Fighter)                Turns: 3042, Time: 00:05:27

Health: 0/33       AC: 18    Str: 19    XL:     5   Next: 74%
Magic:  5/5        EV:  5    Int:  9    God:
Gold:   172        SH:  4    Dex: 11    Spells: 4/4 levels left

rFire   . . .        a - +0 war axe
rCold   + . .        c - +0 buckler
rNeg    + . .        r - +0 plate armour
rPois   ∞            (no helmet)
rElec   +            (no cloak)
rCorr   .            (no gloves)
SInv    .            i - +1 pair of boots
Will    .....        (no amulet) Stlth
                     k - ring of protection from cold
HPRegen 0.25/turn    (no ring)
MPRegen 0.09/turn

%: no passive effects
@: no status effects
A: sickness immunity, AC +4, negative energy resistance 1, electricity
resistance, torment resistance 1, petrification resistance
a: no special abilities


You were on level 3 of the Dungeon.
You visited 1 branch of the dungeon, and saw 4 of its levels.

You collected 172 gold pieces.

Inventory:

Hand Weapons
 a - a +0 war axe (weapon)
 j - a +0 war axe
 s - a +0 flail
Missiles
 h - a throwing net (quivered)
Armour
 c - a +0 buckler (worn)
 i - a +1 pair of boots (worn)
 r - a +0 plate armour (worn)
Jewellery
 f - a ring of magical power
 k - a ring of protection from cold (left hand)
 m - a ring of fire
Wands
 t - a wand of acid (3)
Scrolls
 b - a scroll of butterflies
 n - a scroll of enchant armour
Potions
 d - a potion of might
 e - 3 potions of heal wounds
 g - a potion of degeneration {unknown}
 l - a potion of ambrosia
 o - a potion of curing {unknown}
 p - a potion of haste {unknown}
 q - 2 potions of lignification {unknown}
 u - a potion of brilliance {unknown}


   Skills:
 + Level 4.1 Fighting
 + Level 3.7 Axes
 + Level 4.2 Armour
 - Level 0.1 Dodging
 + Level 4.0 Shields


You had 4 spell levels left.
You didn't know any spells.
Your spell library contained the following spells:

 Spells                   Type           Power      Damage    Failure   Level
 Petrify                  Tmut/Erth      0%         N/A       100%        4
 Irradiate                Conj/Tmut      0%         3d11      100%        5
 Sublimation of Blood     Necr           Unusable   N/A       N/A         2

Dungeon Overview and Level Annotations

Branches:
Dungeon (4/15)
 Temple: D:4-7

Altars:

Shops:
D:1 :


Innate Abilities, Weirdness & Mutations

You are immune to sickness and miasma.
Your stone body is resilient. (AC +4)
You are immune to poison.
You resist negative energy. (rN+)
You are resistant to electric shocks. (rElec)
You are resistant to unholy torment.
You are immune to petrification.


Message History

The gnoll hits you from afar with a +0 spear.
You block the gnoll's attack.
The gnoll sergeant hits you but does no damage.
You writhe in agony.
The gnoll attacks as you move away! The gnoll hits you but does no damage.
The gnoll hits you from afar with a +0 spear.
You block the gnoll sergeant's attack.
There is a stone staircase leading up here.
The gnoll hits you but does no damage. You block the gnoll sergeant's attack.
You climb upwards.
There is a stone staircase leading down here.
You start resting.
HP restored.
You start waiting.
Done waiting.
You climb downwards.
You block the gnoll's attack.
The gnoll sergeant hits you with a +8 spear of pain!
The gnoll sergeant hits you with a +8 spear of pain.
The gnoll hits you from afar with a +0 spear.
There is a stone staircase leading up here.
The gnoll barely misses you.
The gnoll sergeant hits you but does no damage.
The gnoll barely misses you.
You climb upwards.
There is a stone staircase leading down here.
You are too injured to fight recklessly!
You are too injured to fight recklessly!
You are too injured to fight recklessly!
You are too injured to fight recklessly!
You are too injured to fight recklessly!
You hit the gnoll sergeant.
The gnoll sergeant is lightly wounded.
You closely miss the gnoll. The gnoll hits you but does no damage.
The gnoll sergeant hits you with a +8 spear of pain.
* * * LOW HITPOINT WARNING * * *
You hit the gnoll sergeant.
The gnoll sergeant is lightly wounded.
You hit the gnoll. The gnoll hits you but does no damage.
The gnoll sergeant hits you with a +8 spear of pain!
You die...

####....bb.#####.#####...###.###.
#....bb.# #..## #...# #.# #.
#..b.b.)#####.#.###...# #.# #.
##.#......b..###.##...# #.# #.
#.b......###.#.###...# #.# #.
#....................###.# ##
##...b...###..#####......# #
###..b### #.g# #.####.# # #...#
#@.# ##.## #.# # ##### #g.#
##<..###.# #..###.#.#.##.#
#>.....[......# ##.###.#.#.##.#
############.# ##.......#
#............# ##..#####
#......####### #..########
######.# #..##......


You could see a gnoll sergeant and a gnoll.

Vanquished Creatures
  Jessica (D:2)
  5 adders
  3 gnolls (D:3)
  A worm (D:3)
  5 dart slugs
  An orc (D:3)
  9 endoplasms
  6 giant cockroaches
  5 goblins
  9 hobgoblins
  11 jackals
  5 kobolds
  A quokka (D:1)
  5 ball pythons
  2 bats
  2 frilled lizards
  3 rats
74 creatures vanquished.

Notes
Turn   | Place    | Note
-------+----------+-------------------------------------------
     0 | D:1      | bande the Gargoyle Fighter began the quest for the Orb.
     0 | D:1      | Reached XP level 1. HP: 14/14 MP: 1/1
   120 | D:1      | Reached XP level 2. HP: 14/19 MP: 2/2
   284 | D:1      | Found Jethratt's Book Emporium.
   574 | D:1      | Reached XP level 3. HP: 23/23 MP: 3/3
  1022 | D:2      | Noticed Jessica
  1031 | D:2      | Killed Jessica
  1032 | D:2      | Reached XP level 4. HP: 28/29 MP: 4/4
  1666 | D:2      | Reached XP level 5. HP: 33/33 MP: 5/5
  2247 | D:3      | HP: 1/33 [gnoll/+0 flail (3)]
  3039 | D:4      | Noticed an ogre
  3042 | D:3      | Slain by a gnoll sergeant

Illustrated notes

Levels and vault maps discovered:
D:1:      ncdulo_lavacross, layout_basic, serial_shops, nicolae_square_shop,
          grunt_decor_junction, minmay_misc_feat_rugged
D:2:      layout_loops_corners, minmay_heptomino_w4, uniq_jessica
D:3:      layout_loops_ring, minmay_box_of_dots
D:4:      cheibrodos_old_hovel, layout_loops_cross, grunt_temple_overflow_open,
          uniq_natasha, uniq_ijyb, uniq_eustachio

Skill      XL: |  1  2  3  4  5 |
---------------+----------------+-----
Axes           | 2 3 |  3.7
Armour         | 4 |  4.2
Fighting       | 4 |  4.1
Shields        | 4 |  4.0
Dodging        | |  0.1

Action                     |  1- 3 |  4- 6 || total
---------------------------+-------+-------++-------
  Melee: War axe           |    65 |   134 ||   199
    Use: Scroll            |     2 |     8 ||    10
 Armour: Scale mail        |    30 |    37 ||    67
         Plate armour      |       |    59 ||    59
  Dodge: Dodged            |    33 |    53 ||    86
  Block: Buckler           |    12 |    35 ||    47

Table legend: (Time is in decaauts)
 A = Elapsed time spent in this place.
 B = Non-inter-level travel time spent in this place.
 C = Inter-level travel time spent in this place.
 D = Time resting spent in this place.
 E = Time spent auto-exploring this place.
 F = Levels seen in this place.
 G = Mean time per level.
                   A        B        C        D        E       F      G
               +--------+--------+--------+--------+--------+-----+--------+
         Total |   3120 |   3061 |     59 |    466 |   1969 |   4 |  780.0 |
       Dungeon |   3120 |   3061 |     59 |    466 |   1969 |   4 |  780.0 |
               +--------+--------+--------+--------+--------+-----+--------+

Top non-repeatable levels by time:
     D:3: 1213 daAuts
     D:1: 992 daAuts
     D:2: 903 daAuts
     D:4: 10 daAuts
